AoeStats
← mfouad134

Black Forest

509909634Analyzed
4v4 RM · 3d ago on Sep 28, 2026· 59m 43s· 8 players
Game mode
Random Map
Map size
Large (8 player)
Population
200
Speed
Normal
Resources
Standard
Victory
Conquest
Starting age
Dark Age
Ending age
Imperial Age
RankedLock teamsTeams togetherTeam positionsShared explorationLock speedFull tech treeHidden civsTurbo modeCheats
Victory
Defeat
🇲🇽 Aztecs · Mexico
808
+12
🇪🇬 Britons · Egypt
649
+19
🇳🇴 Japanese · Norway
642
+19
🇦🇷 Lithuanians · Argentina
633
+19
🇨🇭 Mongols · Switzerland
729
-18
🇨🇿 Bulgarians · Czechia
714
-17
🇨🇭 Slavs · Switzerland
711
-17
🇫🇷 Franks · France
706
-36
madnessss86
0:48 Loom
20:16 Feudal Age
23:55 Wheelbarrow
26:50 Castle Age
26:36 Horse Collar
26:47 Double-Bit Axe
27:24 Bloodlines
31:14 Bow Saw
31:22 Husbandry
31:27 Squires
31:45 Heavy Plow
31:59 Fortified Wall
32:02 Masonry
34:24 Hand Cart
37:13 Caravan
39:49 Imperial Age
37:47 Gold Mining
37:48 Stone Mining
38:26 Fletching
38:37 Padded Archer Armor
38:39 Scale Mail Armor
38:50 Forging
38:46 Scale Barding Armor
38:37 Pikeman
41:12 Elite Steppe Lancer
43:32 Conscription
49:32 Chain Mail Armor
49:39 Chain Barding Armor
49:56 Iron Casting
51:50 Plate Mail Armor
HezkyKralik
1:45 Loom
11:27 Feudal Age
11:50 Horse Collar
11:58 Double-Bit Axe
15:40 Gold Mining
18:19 Wheelbarrow
19:04 Forging
18:54 Scale Mail Armor
19:00 Scale Barding Armor
18:47 Fletching
18:58 Padded Archer Armor
21:08 Castle Age
20:38 Arson
21:59 Heavy Plow
22:11 Bow Saw
23:15 Iron Casting
25:11 Gold Shaft Mining
27:26 Chain Mail Armor
27:56 Bloodlines
27:47 Husbandry
29:05 Hand Cart
28:58 Caravan
34:11 Imperial Age
32:59 Stone Mining
33:23 Gambesons
33:43 Squires
33:54 Bodkin Arrow
34:54 Stone Shaft Mining
36:28 Blast Furnace
35:58 Plate Mail Armor
36:02 Crop Rotation
35:46 Town Watch
36:59 Light Cavalry
38:16 Bracer
38:37 Chain Barding Armor
39:09 Town Patrol
40:01 Plate Barding Armor
39:42 Leather Archer Armor
38:56 Capped Ram
40:09 Ballistics
39:45 Murder Holes
40:51 Chemistry
40:04 Masonry
40:34 Cavalier
41:56 Elite Konnik
42:44 Bagains
43:05 Conscription
42:42 Stirrups
43:24 Conscription
42:59 Stirrups
Danhowser
16:21 Feudal Age
20:18 Wheelbarrow
20:28 Double-Bit Axe
20:58 Forging
21:48 Gold Mining
23:57 Scale Barding Armor
25:20 Fletching
28:34 Castle Age
29:31 Husbandry
29:54 Chain Barding Armor
32:34 Iron Casting
34:21 Gold Shaft Mining
39:47 Imperial Age
39:18 Caravan
41:33 Cavalier
MuchJaguar3116
0:31 Loom
14:27 Feudal Age
16:43 Double-Bit Axe
20:14 Castle Age
18:06 Stone Mining
18:03 Horse Collar
19:02 Gold Mining
21:29 Bow Saw
22:33 Gold Shaft Mining
22:04 Heavy Plow
29:27 Wheelbarrow
28:38 Town Watch
32:21 Imperial Age
30:34 Padded Archer Armor
30:44 Forging
30:24 Fletching
30:41 Scale Barding Armor
30:36 Scale Mail Armor
33:15 Hand Cart
33:01 Town Patrol
34:12 Chemistry
33:09 Murder Holes
33:25 Fortified Wall
33:36 Ballistics
33:26 Masonry
33:21 Siege Engineers
33:52 Crop Rotation
33:40 Chain Mail Armor
33:40 Leather Archer Armor
33:21 Bodkin Arrow
33:39 Squires
33:00 Pikeman
33:43 Detinets
33:13 Sappers
33:52 Detinets
33:17 Man-at-Arms
34:30 Caravan
34:38 Halberdier
35:41 Conscription
36:08 Plate Mail Armor
36:57 Two-Man Saw
36:32 Elite Boyar
37:49 Hoardings
36:36 Long Swordsman
38:08 Chain Barding Armor
38:18 Ring Archer Armor
37:44 Elite Skirmisher
37:47 Two-Handed Swordsman
37:51 Crossbowman
39:56 Husbandry
40:06 Bloodlines
39:25 Cavalier
42:07 Light Cavalry
42:53 Druzhina
45:25 Iron Casting
45:30 Plate Barding Armor
47:00 Champion
51:58 Champion
54:22 Blast Furnace
TrolleBolIe
3:41 Loom
13:28 Feudal Age
13:57 Horse Collar
14:07 Double-Bit Axe
18:58 Forging
18:49 Scale Mail Armor
20:09 Wheelbarrow
23:36 Castle Age
22:42 Arson
23:18 Gold Mining
23:22 Stone Mining
31:35 Town Watch
32:45 Hand Cart
33:29 Caravan
34:22 Iron Casting
34:03 Chain Mail Armor
34:50 Town Patrol
35:28 Bow Saw
35:22 Heavy Plow
36:40 Gambesons
36:17 Pikeman
36:59 Squires
39:51 Imperial Age
37:31 Fletching
39:23 Bodkin Arrow
38:55 Man-at-Arms
40:22 Halberdier
40:38 Elite Samurai
47:24 Blast Furnace
46:55 Plate Mail Armor
47:29 Chemistry
46:35 Siege Engineers
46:56 Kataparuto
51:57 Bracer
51:57 Padded Archer Armor
59:38 Capped Ram
erikm0532
0:28 Loom
15:17 Feudal Age
15:57 Double-Bit Axe
24:20 Castle Age
25:26 Bow Saw
25:32 Horse Collar
27:21 Stone Mining
27:22 Gold Mining
29:25 Heavy Plow
35:02 Imperial Age
33:18 Wheelbarrow
33:28 Gold Shaft Mining
35:00 Hand Cart
36:14 Stone Shaft Mining
36:13 Garland Wars
36:37 Crop Rotation
38:29 Elite Jaguar Warrior
39:14 Scale Mail Armor
39:24 Forging
39:05 Fletching
39:16 Padded Archer Armor
42:38 Chain Mail Armor
43:19 Capped Ram
45:11 Plate Mail Armor
45:49 Iron Casting
45:29 Siege Ram
48:37 Blast Furnace
47:34 Bodkin Arrow
47:54 Leather Archer Armor
47:42 Murder Holes
50:49 Heated Shot
mfouad134
12:17 Feudal Age
12:42 Horse Collar
12:50 Double-Bit Axe
13:52 Wheelbarrow
18:29 Castle Age
16:25 Gold Mining
19:21 Heavy Plow
19:34 Bow Saw
20:42 Hand Cart
22:16 Gold Shaft Mining
26:47 Caravan
33:19 Imperial Age
30:35 Loom
30:35 Town Watch
31:46 Yeomen
32:20 Fortified Wall
31:51 Treadmill Crane
32:33 Ballistics
32:26 Masonry
32:12 Murder Holes
32:11 Fletching
32:22 Padded Archer Armor
35:06 Two-Man Saw
34:01 Stone Mining
34:32 Leather Archer Armor
34:13 Bodkin Arrow
35:22 Chemistry
35:16 Conscription
34:58 Warwolf
35:55 Ring Archer Armor
36:02 Architecture
36:08 Bracer
36:37 Elite Longbowman
40:15 Hoardings
53:35 Sappers
54:25 Siege Engineers
Luciano24cm
6:01 Loom
9:07 Feudal Age
9:38 Double-Bit Axe
19:43 Castle Age
18:05 Horse Collar
18:34 Gold Mining
21:02 Bow Saw
24:44 Fervor
31:50 Imperial Age
29:58 Wheelbarrow
29:09 Town Watch
29:11 Loom
30:17 Town Patrol
30:22 Stone Mining
31:07 Hand Cart
31:26 Coinage
32:02 Stone Shaft Mining
31:29 Heavy Plow
33:20 Crop Rotation
34:03 Two-Man Saw
32:51 Onager
33:57 Scale Barding Armor
34:02 Forging
34:12 Bloodlines
34:03 Husbandry
34:01 Elite Leitis
36:10 Chain Barding Armor
36:25 Iron Casting
37:28 Plate Barding Armor
37:29 Iron Casting
36:51 Fletching
37:01 Padded Archer Armor
38:15 Hill Forts
38:16 Tower Shields
38:52 Hoardings
39:13 Conscription
49:10 Capped Ram
49:53 Devotion
50:14 Heresy
52:48 Faith
52:40 Redemption
52:32 Atonement
53:17 Theocracy
52:47 Herbal Medicine
53:08 Block Printing
53:14 Sanctity
53:20 Illumination
52:18 Man-at-Arms
52:19 Pikeman
52:35 Cavalier
52:36 Light Cavalry
52:43 Heavy Cavalry Archer
53:29 Thumb Ring
54:28 Long Swordsman
54:31 Paladin
55:34 Fortified Wall
55:19 Murder Holes
55:35 Clinker Construction
55:36 Careening
55:37 Masonry
55:17 Guard Tower
56:28 Chemistry
55:37 Winged Hussar
55:39 Two-Handed Swordsman
55:47 Elite Skirmisher
55:47 Crossbowman
58:22 Guilds
58:42 Banking
58:13 Caravan
57:51 Champion
59:01 Carvel Hull
59:17 Dry Dock
59:18 Scale Mail Armor
59:33 Leather Archer Armor
59:14 Bodkin Arrow
58:58 Halberdier
59:39 Squires
59:25 Arson
Connection lost

Rejoining the realm…

Still unreachable

The connection could not be restored.

Session expired

The server has moved on; the page needs a fresh start.